Cogmind - Beta 13 @@@ ROGUE MODE // 2024.03.31 @ 08:49:38 Player: SonVince Result: Destroyed by Y-45 Defender with Heavy Assault Rifle Performance ------------- Evolutions (1) 500 Regions Visited (2) 400 Robots Destroyed (26) 130 Value Destroyed (489) 489 Prototype IDs (1) 20 Alien Tech Used (0) 0 Bonus (0) 0 TOTAL SCORE: 1539 Bonus ------- None Cogmind --------- Core Integrity 0/400 Matter 273/300 Energy 100/100 System Corruption 0% Temperature Cool (9) Movement Core (700) Ox13 Location -9/Materials Parts ------- > --- POWER (1) -------- (None) > --- PROPULSION (2) --- (None) > --- UTILITY (3) ------ High-capacity Storage Unit Visual Processing Unit > --- WEAPON (3) ------- (None) > --- INVENTORY (20) --- Light Ion Engine Small Laser Particle Gun Light Assault Rifle Grenade Launcher Datajack Peak State ------------ > --- POWER ------------ Improved Ion Engine > --- PROPULSION ------- Aluminum Leg Aluminum Leg > --- UTILITY ---------- High-capacity Storage Unit Visual Processing Unit > --- WEAPON ----------- Small Laser Improved Medium Laser Light Cannon > --- INVENTORY -------- Particle Gun Light Assault Rifle Grenade Launcher Grenade Launcher Datajack [Rating: 12] Favorites ----------- Power Light Ion Engine Engine Light Ion Engine Propulsion Aluminum Leg Leg Aluminum Leg Wheel Wheel Hover Unit Hover Unit Flight Unit Flight Unit Utility High-capacity Storage Unit Device Sensor Array Storage High-capacity Storage Unit Processor Visual Processing Unit Weapon Light Cannon Energy Gun Small Laser Ballistic Gun Light Assault Rifle Ballistic Cannon Light Cannon Launcher Grenade Launcher Special Weapon Mining Laser Build | -11 -10 -9 ------- Run | Yrd Mat Mat Slots Evolved 2 | . . 2 Power . | . . . Propulsion . | . . . Utility 1 | . . 1 Weapon 1 | . . 1 Parts Attached 32 | 7 22 3 Power 3 | 2 . 1 Engine 3 | 2 . 1 Core . | . . . Reactor . | . . . Propulsion 8 | 2 6 . Treads . | . . . Leg 2 | . 2 . Wheel 3 | 2 1 . Hover 2 | . 2 . Flight 1 | . 1 . Utility 4 | . 4 . Device 1 | . 1 . Storage 1 | . 1 . Processor 2 | . 2 . Hackware . | . . . Protection . | . . . Artifact . | . . . Weapon 17 | 3 12 2 Energy Gun 9 | 2 6 1 Energy Cannon . | . . . Ballistic Gun 1 | . 1 . Ballistic Cannon 1 | . 1 . Launcher 5 | . 4 1 Special Weapon 1 | 1 . . Impact Weapon . | . . . Slashing Weapon . | . . . Piercing Weapon . | . . . Special Melee Weapon . | . . . Unidentified Prototypes 1 | . . 1 Parts Lost 9 | . 3 6 Power 2 | . 1 1 Propulsion 3 | . 1 2 Utility . | . . . Weapon 4 | . 1 3 Highest Loss Streak 6 | . 2 6 To Critical Strikes 1 | . 1 . Average Slot Usage (%) 81 | . 85 74 Engine 6 | . 6 6 Leg 15 | . 13 19 Wheel 3 | . 5 . Hover 5 | . 8 . Device 2 | . 4 . Storage 8 | . 7 11 Processor 11 | . 11 11 Energy Gun 14 | . 15 12 Ballistic Gun 3 | . 5 . Ballistic Cannon 6 | . 5 9 Launcher 1 | . . 3 Naked Turns . | . . . Heaviest Build 56 | 6 44 56 Greatest Support 20 | 20 20 20 Greatest Overweight (x) 16 | . 7 16 Average Overweight (x) . | . . 2 Largest Inventory Capacity 20 | 5 20 20 Average Capacity 14 | 5 12 20 Most Carried 7 | 2 7 6 Average Carried 4 | . 4 5 Final Capacity 20 | 5 20 20 Final Carried 6 | 1 5 6 Class Distribution -------------------- 58% | Scavenger-Mutant 22% | Mutant 11% | Skirmisher 7% | Scavenger-Skirmisher Dominant Class ---------------- Scavenger-Mutant | -10/Materials Skirmisher | -9/Materials Resources | -11 -10 -9 ----------- Run | Yrd Mat Mat Matter Collected 579 | 270 207 102 Remotely . | . . . Salvage Created 532 | 52 322 158 Parts 47 | 2 34 11 Haulers Intercepted . | . . . Recyclers Shooed . | . . . Parts Field Recycled . | . . . Retrieved Matter . | . . . Parts Self-Destructed . | . . . Prevented . | . . . Kills | -11 -10 -9 ------- Run | Yrd Mat Mat Combat Hostiles Destroyed 18 | 1 12 5 Guns 9 | 1 5 3 Cannons 3 | . 1 2 AOE 6 | . 6 . Classes Destroyed 7 | 2 4 1 Worker 1 | . 1 . Builder 1 | . 1 . Tunneler 2 | 1 1 . Recycler 1 | . . 1 Watcher 3 | . 3 . Swarmer 10 | . 6 4 Grunt 8 | 1 6 1 Best Kill Streak 5 | 2 3 5 Combat Bots Only 4 | 1 3 4 Max Kills in Single Turn 3 | 1 3 1 Gunslinging 1 | . 1 . Exploded 3 | . 3 . Melee . | . . . Uniques/NPCs Destroyed . | . . . Combat | -11 -10 -9 -------- Run | Yrd Mat Mat Hostile Shots Fired 199 | 5 75 119 Missed 55 | . 26 29 Damage Taken 1592 | 57 542 993 Core 596 | 12 181 403 Absorbed by Shields . | . . . Core Remaining (%) 58 | 95 22 . Volleys Fired 67 | 4 45 18 Largest 3 | 2 2 3 Hottest 131 | 90 115 131 Shots Fired 106 | 8 72 26 Gun 89 | 8 61 20 Cannon 9 | . 3 6 Launcher 8 | . 8 . Special . | . . . Kinetic 29 | . 23 6 Thermal 69 | 8 41 20 Explosive 8 | . 8 . Electromagnetic . | . . . Robot Hit Streak 5 | 2 5 4 Robot Miss Streak 4 | 2 4 3 Penetration Max . | . . . Secondary Targets 1 | . 1 . Max Gunslinging Chain 1 | . 1 . Shots Hit Robots 55 | 4 38 13 Core Hits 37 | 3 27 7 Critical Kills . | . . . Critical Parts Destroyed . | . . . Critical Strikes 4 | 1 3 . Burn 4 | 1 3 . Melee Attacks . | . . . Impact . | . . . Slashing . | . . . Piercing . | . . . Sneak Attacks . | . . . Combat Hostiles . | . . . Follow-up Attacks . | . . . Damage Inflicted 1210 | 56 909 245 Guns 620 | 56 416 148 Cannons 104 | . 15 89 Explosions 478 | . 478 . Melee . | . . . Ramming 8 | . . 8 Kinetic 186 | . 97 89 Thermal 538 | 56 334 148 Explosive 478 | . 478 . Electromagnetic . | . . . Impact . | . . . Slashing . | . . . Piercing . | . . . Highest Corruption . | . . . Average Corruption . | . . . Corruption Purged . | . . . Corruption Blocked . | . . . Overload Shots . | . . . Overflow Damage 3 | . 3 . Projectiles . | . . . Explosions 3 | . 3 . Melee . | . . . Knockbacks 1 | . . 1 Impact . | . . . Kinetic 1 | . . 1 Secondary . | . . . Self-Inflicted Damage 28 | . 28 . Shots 2 | . 2 . Rammed . | . . . Targets Rammed 1 | . . 1 Kicked 1 | . . 1 Crushed . | . . . Highest Temperature 150 | 150 134 126 Average Temperature 48 | 80 48 38 Received Heat Transfer 414 | 30 165 219 Siege Activations . | . . . Robots Corrupted . | . . . Combat Hostiles . | . . . Parts Fried . | . . . Impact Corruptions . | . . . Robots Melted . | . . . Combat Hostiles . | . . . Parts Melted 5 | 1 3 1 Heat Transferred 1691 | 223 1147 321 Parts Sabotaged . | . . . Parts Stolen . | . . . Parts Stripped . | . . . Power Chain Reactions . | . . . Alert | -11 -10 -9 ------- Run | Yrd Mat Mat Peak Influence 301 | 25 301 109 Initial 59 | . 16 59 Average 124 | 7 171 61 Maximum Alert Level 1 | . 1 . Low Security (%) 75 | 100 58 100 Level 1 24 | . 41 . Level 2 . | . . . Level 3 . | . . . Level 4 . | . . . Level 5 . | . . . High Security . | . . . Max Security . | . . . Squads Dispatched 4 | . 3 1 Investigation 2 | . 1 1 Extermination . | . . . Reinforcement 2 | . 2 . Assault . | . . . Garrison . | . . . Intercept . | . . . Searches Triggered . | . . . Construction Impeded . | . . . Haulers Reinforced . | . . . Active Scanning Responses . | . . . Cargo Convoy Interrupts . | . . . Stealth | -11 -10 -9 --------- Run | Yrd Mat Mat Distress Signals . | . . . Communications Jammed . | . . . Distress Signals . | . . . Times Spotted 29 | 1 20 8 Peak Tracking Total 5 | 1 4 5 Tactical Retreats 1 | . . 1 Traps | -11 -10 -9 ------- Run | Yrd Mat Mat Traps Triggered 2 | . 2 . Indirectly . | . . . Trap Hack Attempts . | . . . Triggered . | . . . Disarmed . | . . . Reprogrammed . | . . . Reused . | . . . Traps Extracted . | . . . Installed . | . . . Triggered . | . . . Machines | -11 -10 -9 ---------- Run | Yrd Mat Mat Machines Disabled 4 | . 3 1 Max in Single Turn 1 | . 1 1 Machines Repaired . | . . . Machines Dismantled . | . . . Machines Sabotaged . | . . . Overloaded Fab Kills . | . . . Hacking | -11 -10 -9 --------- Run | Yrd Mat Mat Machines Accessed 4 | . 3 1 Terminals 3 | . 3 . Fabricators . | . . . Repair Stations . | . . . Recycling Units . | . . . Scanalyzers 1 | . . 1 Garrison Access . | . . . Total Hacks 7 | . 4 3 Successful 5 | . 2 3 Failed 2 | . 2 . Catastrophic . | . . . Database Lockouts . | . . . Manual . | . . . Terminals 4 | . 4 . Fabricators . | . . . Repair Stations . | . . . Recycling Units . | . . . Scanalyzers 3 | . . 3 Garrison Access . | . . . Terminal Hacks 2 | . 2 . Alert Level 1 | . 1 . Dispatch Records 1 | . 1 . Fabricator Hacks . | . . . Repair Station Hacks . | . . . Recycling Unit Hacks . | . . . Scanalyzer 3 | . . 3 Insert Component 1 | . . 1 Analyze 2 | . . 2 Garrison Access Hacks . | . . . Unauthorized Hacks . | . . . Terminals . | . . . Fabricators . | . . . Repair Stations . | . . . Recycling Units . | . . . Scanalyzers . | . . . Garrison Access . | . . . Data Cores Recovered . | . . . Used . | . . . Hacking Detections 1 | . . 1 Full Trace Events 1 | . . 1 Feedback Events . | . . . Feedback Blocked . | . . . Robot Schematics Acquired . | . . . Robots Built . | . . . Authchips . | . . . Time . | . . . Total Robot Build Rating . | . . . Part Schematics Acquired 1 | . . 1 Parts Built . | . . . Authchips . | . . . Time . | . . . Total Part Build Rating . | . . . Parts Repaired . | . . . Time . | . . . Parts Recycled . | . . . Recycled Matter . | . . . Retrieved Matter . | . . . Retrieved Components . | . . . Parts Scanalyzed 1 | . . 1 Part Schematics Acquired 1 | . . 1 Parts Damaged . | . . . Bothacking | -11 -10 -9 ------------ Run | Yrd Mat Mat Used RIF Installer . | . . . Robots Hacked . | . . . Non-combat . | . . . Combat . | . . . Robot Hacks Applied . | . . . Relay Couplers Released . | . . . Fabnet Peak Effective % . | . . . Robots Rewired . | . . . Allies Hacked . | . . . Hacks Repelled . | . . . Allies | -11 -10 -9 -------- Run | Yrd Mat Mat Total Allies . | . . . Largest Group . | . . . Highest-Rated Group . | . . . Highest-Rated Ally . | . . . Total Orders . | . . . Ally Attacks . | . . . Total Damage . | . . . Kills . | . . . Allies Corrupted . | . . . Allies Melted . | . . . Intel | -11 -10 -9 ------- Run | Yrd Mat Mat Robot Analysis Total . | . . . Derelict Logs Recovered . | . . . Drone Launches . | . . . Drone Recoveries . | . . . Exploration | -11 -10 -9 ------------- Run | Yrd Mat Mat Turns Passed 1634 | 84 971 579 Spaces Moved 918 | 77 661 180 Core 23 | 17 . 6 Treads . | . . . Legs 348 | . 174 174 Wheels 213 | 60 153 . Hover 334 | . 334 . Flight . | . . . Fastest Speed 50 | 50 56 260 Average Speed 145 | 73 117 278 Slowest Speed 850 | 80 480 850 Overloaded Moves . | . . . Propulsion Burnouts . | . . . Robots Hopped . | . . . Cave-ins Triggered . | . . . Exploration Rate (%) 36 | 6 85 17 Regions Visited 2 Branch Regions . Pre-discovered Areas . | . . . Known Exits Taken 1 | . 1 . Unknown Exits Taken 1 | 1 . . Scrap Searched . | . . . Spaces Dug . | . . . Terrain Destroyed 39 | . 39 . Melee . | . . . Projectile . | . . . AOE 39 | . 39 . Terrain Rammed . | . . . Walls Destroyed . | . . . Machines Disabled . | . . . Actions | -11 -10 -9 --------- Run | Yrd Mat Mat Total 1116 | 95 785 236 Wait 63 | . 32 31 Move 916 | 76 660 180 Hop . | . . . Pick Up 27 | 7 17 3 Fast Attach . | . . . Attach 12 | 5 5 2 Detach 1 | . 1 . Swap 20 | 2 17 1 Drop 9 | 1 8 . Fire 67 | 4 45 18 Melee . | . . . Ram . | . . . Kick 1 | . . 1 Crush . | . . . Escape Stasis . | . . . Rewire . | . . . Trap . | . . . Miscellaneous . | . . . Route ------- -11/Scrapyard -10/Materials (discovered 4 exits: *Mat x2 / *Min x2) -9/Materials History --------- Turn | Location | Event 2 | -11/Scrapyard | Met Revision 17 48 | -11/Scrapyard | Discovered new exit (range 8) 85 | -11/Scrapyard | Entered Materials 419 | -10/Materials | Discovered new exit (range 13) 433 | -10/Materials | Identified exit to Materials 445 | -10/Materials | Discovered new exit (range 15) 453 | -10/Materials | Identified exit to Mines 479 | -10/Materials | Discovered exit to Mines (range 12) 542 | -10/Materials | Core integrity fell below 50% 557 | -10/Materials | Build established: Scavenger-Mutant 794 | -10/Materials | Discovered exit to Materials (range 12) 1056 | -10/Materials | Entered another Materials area 1056 | -9/Materials | Evolved 2 slots: Utility x1, Weapon x1 1593 | -9/Materials | Core integrity fell below 50% 1614 | -9/Materials | Core integrity fell below 20% 1635 | -9/Materials | Lost 6 parts (1p2n3w) 1635 | -9/Materials | Destroyed by Y-45 Defender with Heavy Assault Rifle Last Messages --------------- Flight Unit melted. S-10 Pest destroyed. R-06 Scavenger collects Lgt. Assault Rifle. S-10 Pest destroyed. R-06 Scavenger destroyed. R-06 Scavenger collects Sml. Storage Unit. Acquired 66 matter. K-01 Serf collects debris. R-06 Scavenger collects Lgt. Assault Rifle. Aluminum Leg destroyed. Critical hit (Burn: +37). K-01 Serf collects debris. S-10 Pest destroyed. Acquired 18 matter. Imp. Medium Laser destroyed. Acquired 18 matter. Imp. Ion Engine destroyed. M-13 Machinist repairs Y-45 Defender. Acquired Lgt. Ion Engine. [Achievement: First Step to Greatness] Map ----- +----------------------------------------------------+ | ????????????????????+??????????? | | ???????????????#???# ??????????? | | ???????????????? #?# #?????????? | | ????????????????? ?# #?????????? | | ?????????????????? # ########### | | ??????????????????? ## # | | ???????????????????# ## """ # | | ??????????????###### ## """"" # | | ??????????????# # """"" # | | ??????????????# +% """" # | | ??????????????# T #% """ # | | ??????????????# #= # | | ??????????????# # # | | ??????????? # m # | | ???????# ###/###### | | ???????# #### #### #?#%#????? | | ???????## ???##+####+### #????? | | ????????? #??# #=#????? | | ######### #??# #Y#????? | | # # #??# # #????? | | # # #??# """ """ #[#????? | | # + #??# """ """ # #????? | | # # ??+ """ """ #=#????? | | # # #??# # #????? | | # # #??# % #=#????? | | + # #########+####@#????? | | # # #????? | | # # #????? | | # # ############# ##????? | | # # #?######????# #?????? | | ######+## ### !#????# #?????? | | #????# #?????? | | T ######+#?????? | | ###########+## # %!#?????? | | ## ## ## #?????? | | " ## "" ## ## ""%#?????? | | " ## """## ## S"" #?????? | | " ## S"## ## "" #?????? | | ## ## ## #?????? | | " ## # ##+#####?????? | | " ## + "" #???????? | | " ## """ # T #???????? | | ## """ # ######???????? | | ###### """ ######????????????? | | ?????# #?????????????????? | | ?????#########?????????????????? | | | | | | | | | +----------------------------------------------------+ Best States ------------- Heat Dissipation 28 Energy Generation 12 Energy Capacity 265 Matter Stores 300 Matter Capacity 300 Sight Range 18 Robot Scan Range 14 Terrain Scan Density 10 Evasion (%) 53 Item Schematics ----------------- Grenade Launcher | -9/Materials | Scanalyzed Robot Schematics ------------------ None Fabricated ------------ Nothing Alien Tech Used ----------------- None Achievements -------------- First Step to Greatness One Hack Too Far Risk Taker Challenges ------------ None Game ------ Seed BarrageUtilityBoregun Manual? 0 Play Time 00:26:46 Cumulative 0.4 hours Start 2024.03.31 @ 07:48:36 End 2024.03.31 @ 08:49:38 Sessions 1 Manual Loads 0 Difficulty Rogue Special Mode None Game No. 1 Rogue 1 Adventurer 0 Explorer 0 Win Type - Total 0 Types 0/0/0/0/0/0/0/0/0 Lore% 0 Gallery% 2 Achievement% 2 Wizard Run 0 Options --------- Layout 1 ASCII 0 Keyboard 0 Movement Mouse Keybinds 0 Fullscreen 1 Font 32/SmallcapsGlow Map View 77x35 Zoom Use 0% Tactical HUD 0 Map Filters NONE Filters NONE Steam 1 RUN: 1a539b94-c8c6-427c-84be-882f088e33eb